 Dungeon Crawl Stone Soup version 0.32-a0-699-g1ee5eff69a (webtiles) character file.

Game seed: 15120440119329044081

20321 Griffin23 the Spear-Bearer (level 12, -11/110 HPs)
             Began as a Minotaur Fighter on Mar 13, 2024.
             Was a Priest of the Shining One.
             Mangled by a spark wasp (14 damage)
             ... on level 12 of the Dungeon.
             The game lasted 00:37:12 (14122 turns).

Griffin23 the Spear-Bearer (Minotaur Fighter)      Turns: 14122, Time: 00:37:13

Health: -11/110    AC: 25    Str: 24    XL:     12   Next: 44%
Magic:  0/11       EV: 12    Int:  5    God:    the Shining One [***...]
Gold:   639        SH: 12    Dex: 12    Spells: 11/11 levels left

rFire   . . .        A - +8 trishula "Condemnation" {holy, anguish, *Noise Fly rN+}
rCold   . . .        c - +0 buckler
rNeg    + + .        T - +4 plate armour
rPois   .            V - +1 hat {Stlth+}
rElec   .            b - scarf {+Inv}
rCorr   .            (no gloves)
SInv    .            a - +0 pair of boots
Will    .....        h - amulet of guardian spirit Stlth
                     g - +4 ring of protection
HPRegen 0.38/turn    E - +5 ring of evasion
MPRegen 0.12/turn

%: guardian spirit
@: mighty, divinely shielded, about to teleport, flying, glowing
A: horns 2, retaliatory headbutt
a: Renounce Religion, Evoke Invisibility, Divine Shield, Cleansing Flame


You were on level 12 of the Dungeon.
You worshipped the Shining One.
The Shining One was most pleased with you.
You visited 2 branches of the dungeon, and saw 13 of its levels.
You also visited: Sewer.

You collected 839 gold pieces.
You spent 200 gold pieces at shops.

Inventory:

Hand Weapons
 A - the +8 trishula "Condemnation" (weapon) {holy, anguish, *Noise Fly rN+}
   (You found it in a sewer)

   rN+:       It protects you from negative energy.
   Fly:       It grants you flight.
   *Noise:    It may make a loud noise when swung.
Missiles
 B - 3 throwing nets (quivered)
Armour
 a - a +0 pair of boots (worn)
 b - a scarf of invisibility (worn)
 c - a +0 buckler (worn)
 y - the +1 pair of boots of Distant Shores {Will+ Regen+ rCorr Str-5}
   (You found it on level 4 of the Dungeon)

   Str-5:     It affects your strength (-5).
   Will+:     It increases your willpower.
   Regen+:    It increases your rate of health regeneration.
   rCorr:     It protects you from acid and corrosion.
 F - a +0 cloak
 T - a +4 plate armour (worn)
 V - a +1 hat of stealth (worn)
Jewellery
 e - a ring of see invisible
 g - a +4 ring of protection (left hand)
 h - an amulet of guardian spirit (around neck)
 E - a +5 ring of evasion (right hand)
 G - the ring "Ciguytem" {Fire Fly rN++ Dex+2}
   (You found it on level 6 of the Dungeon)

   [ring of fire]

   Fire:      It enhances your fire magic.
   Dex+2:     It affects your dexterity (+2).
   rF+:       It protects you from fire.
   rC-:       It makes you vulnerable to cold.
   rN++:      It greatly protects you from negative energy.
   Fly:       It grants you flight.
 J - an amulet of reflection
 M - a ring of magical power
 N - an amulet of the acrobat
 O - an amulet of regeneration
 S - a ring of protection from cold
 W - an amulet of faith
Wands
 j - a wand of roots (8)
 o - a wand of flame (37)
 v - a wand of acid (12)
 H - a wand of mindburst (27)
 U - a wand of charming (6)
Scrolls
 m - a scroll of enchant armour
 p - a scroll of butterflies
 u - a scroll of vulnerability {unknown}
 x - 4 scrolls of enchant weapon
 z - a scroll of immolation {unknown}
 C - a scroll of amnesia {unknown}
 K - a scroll of blinking {unknown}
 L - a scroll of acquirement {unknown}
 P - a scroll of teleportation
 Q - a scroll of noise {unknown}
 R - 2 scrolls of fear {unknown}
 X - a scroll of poison {unknown}
 Y - 2 scrolls of torment {unknown}
Potions
 d - 3 potions of might
 f - 2 potions of attraction
 i - 3 potions of haste {unknown}
 k - 10 potions of curing
 l - 2 potions of berserk rage {unknown}
 n - a potion of ambrosia {unknown}
 q - 3 potions of brilliance {unknown}
 r - 4 potions of degeneration
 s - 4 potions of enlightenment
 w - a potion of cancellation {unknown}
 D - 3 potions of mutation {unknown}
 I - a potion of lignification {unknown}
 Z - a potion of heal wounds


   Skills:
 * Level 11.0 Fighting
 * Level 11.0 Long Blades
 * Level 14.8 Polearms
 * Level 10.8 Armour
 + Level 2.4 Dodging
 * Level 9.0 Shields
 + Level 0.1 Evocations


You had 11 spell levels left.
You didn't know any spells.
Your spell library contained the following spells:

 Spells                   Type           Power      Damage    Failure   Level
 Magic Dart               Conj           0%         1d3       100%        1
 Sandblast                Erth           0%         2d4       100%        1
 Blink                    Tloc           0%         N/A       100%        2
 Call Imp                 Summ           0%         N/A       100%        2
 Ensorcelled Hibernation  Hex/Ice        0%         N/A       100%        2
 Call Canine Familiar     Summ           0%         N/A       100%        3
 Dazzling Flash           Conj/Hex       0%         N/A       100%        3
 Fugue of the Fallen      Necr           0%         N/A       100%        3
 Sigil of Binding         Hex            0%         N/A       100%        3
 Stone Arrow              Conj/Erth      0%         3d7       100%        3
 Anguish                  Hex/Necr       0%         N/A       100%        4
 Brom's Barrelling Bould  Conj/Erth      0%         2d3       100%        4
 Dimensional Bullseye     Hex/Tloc       0%         N/A       100%        4
 Olgreb's Toxic Radiance  Alch           0%         N/A       100%        4
 Fireball                 Conj/Fire      0%         3d3       100%        5
 Iskenderun's Battlesphe  Conj           0%         2d6       100%        5
 Conjure Ball Lightning   Conj/Air       0%         3x3d6     100%        6
 Death Channel            Necr           0%         N/A       100%        6
 Sculpt Simulacrum        Ice/Alch       0%         N/A       100%        6
 Starburst                Conj/Fire      0%         6d3       100%        6
 Orb of Destruction       Conj           0%         9d5       100%        7
 Ozocubu's Refrigeration  Ice            0%         4d7       100%        7
 Discord                  Hex            0%         N/A       100%        8
 Maxwell's Capacitive Co  Air            0%         ∞         100%        8


Dungeon Overview and Level Annotations

Branches:
Dungeon (12/15)            Temple (1/1) D:6            Lair (0/5) D:11
    Orc (0/2) D:10          Sewer (visited)

Altars:
Ashenzari
Cheibriados
Dithmenos
Elyvilon
Fedhas
Gozag
Hepliaklqana
Kikubaaqudgha
Makhleb
Nemelex Xobeh
Okawaru
Qazlal
Ru
Sif Muna
Trog
Uskayaw
Vehumet
Wu Jian
Xom
Yredelemnul
Zin
The Shining One
Beogh

Shops:
D:2 =   D:4 *   D:6 [   D:12 *

Annotations:
D:10 2 transporters, CougarLife's ghost, journeyman GrEE
D:12 3 runed translucent doors


Innate Abilities, Weirdness & Mutations

You have a pair of horns on your head.
You reflexively headbutt those who attack you in melee.


Message History

You block the spark wasp's attack.
The spark wasp attacks as it pursues you!
The spark wasp closely misses you.
The spark wasp stings you but does no damage.
There is an open door here.
You feel much better.
The sixfirhy hits you but does no damage.
You block the sixfirhy's attack. You block the sixfirhy's attack.
The sixfirhy hits you but does no damage.
The storm dragon attacks as it pursues you!
The storm dragon bites you but does no damage.
You block the storm dragon's attack. The storm dragon tramples you!
You are shoved backwards!
The shock serpent shoots out a bolt of lightning at you!
The bolt of electricity hits the spark wasp.
The spark wasp completely resists.
The bolt of electricity hits the sixfirhy.
The sixfirhy completely resists.
The bolt of electricity hits the storm dragon.
The storm dragon completely resists.
The bolt of electricity hits you!!
* * * LOW HITPOINT WARNING * * *
The storm dragon roars deafeningly!
As you read the scroll of teleportation, it crumbles to dust.
You feel strangely unstable.
The storm dragon breathes lightning at you.
The bolt of lightning hits you.
* * * LOW HITPOINT WARNING * * *
The raiju bursts into living lightning!
The living lightning hits the sixfirhy.
The sixfirhy completely resists.
The living lightning misses you.
The raiju blinks!
As you read the scroll of fog, it dissolves into smoke.
You block the sixfirhy's attack. You block the spark wasp's attack.
The sixfirhy hits you but does no damage.
The storm dragon bites you!
* * * LOW HITPOINT WARNING * * *
The storm dragon claws you but does no damage.
The storm dragon tramples you but does no damage.
The spark wasp stings you!
You die...

#.# ###### #.# #.
######'##### ##.
#.........§### #..
#........§§e§## ###
#........§§#§§## #..
###.§..S§§§##§§# ß...
##..§D3.).###§####....
#∩.§h@y...# #§#.#..e..
##..§§§...# #3§)#.....
###.§.§....#
#S..hQ*...
#..........#
#.[.#.....
######'#####
###.#..... #..####
####.... ##....# ß...
########.#### #..
#...........# ###


You could see a storm dragon, a spark wasp, a shock serpent, a sixfirhy and a
raiju.

Vanquished Creatures
  A spark wasp (D:12)
  Josephine (D:12)
  The ghost of Aldia the Magician, a journeyman DsRe of Beogh (D:9)
  Erica (D:8)
  A boulder beetle (D:12)
  2 two-headed ogres
  2 death yaks (D:11)
  A skeletal warrior (D:9)
  A deep elf zephyrmancer (D:11)
  A deep elf pyromancer (D:11)
  A manticore (D:11)
  A cyclops (D:11)
  An unseen horror (D:12)
  Jeremiah (D:8)
  3 trolls (D:12)
  A hornet (D:10)
  Grinder (D:4)
  4 slime creatures (D:12)
  A shadow (D:10)
  A yak (D:11)
  3 wyverns
  6 wraiths
  A basilisk (D:12)
  2 steam dragons
  A warg (D:9)
  4 vampire mosquitoes (D:12)
  5 acid dragons
  2 water moccasins
  A swamp drake (D:11)
  14 orc warriors
  An ice beast (D:6)
  2 black bears
  2 ogres
  2 centaurs
  A phantom (D:4)
  A kobold brigand (D:6)
  2 bullfrogs
  3 scorpions
  5 killer bees (D:9)
  7 howler monkeys
  5 electric eels
  A crimson imp (D:11)
  5 hounds
  A bombardier beetle (D:6)
  A gnoll bouda (D:5)
  12 orc priests
  An iron imp (D:11)
  11 iguanas
  17 orc wizards
  Ijyb (D:3)
  10 adders
  6 gnolls (D:5)
  A river rat (D:5)
  2 shadow imps
  A white imp (D:11)
  4 ufetubi
  2 ribbon worms
  7 dart slugs
  74 orcs
  17 ball pythons
  5 endoplasms
  12 giant cockroaches
  18 goblins
  5 hobgoblins
  3 jackals (D:4)
  12 kobolds
  2 quokkas
  4 bats
  10 frilled lizards
  5 rats
347 creatures vanquished.

Vanquished Creatures (others)
  Gastronok (D:8)
  A gargoyle (D:11)
  A steam dragon (D:8)
  2 orc warriors
  2 ogres
  A killer bee (D:9)
  3 orc wizards
  A goblin (D:10)
12 creatures vanquished.

Grand Total: 359 creatures vanquished

Notes
Turn   | Place    | Note
-------+----------+-------------------------------------------
     0 | D:1      | Griffin23 the Minotaur Fighter began the quest for the Orb.
     0 | D:1      | Reached XP level 1. HP: 19/19 MP: 0/0
   150 | D:1      | Found a faded altar of an unknown god.
   167 | D:1      | Reached XP level 2. HP: 27/27 MP: 1/1
   823 | D:2      | Found Fouwkyv's Jewellery Emporium.
   865 | D:2      | Reached XP level 3. HP: 31/33 MP: 2/2
  1111 | D:2      | Reached XP level 4. HP: 41/41 MP: 3/3
  1667 | D:3      | Found the +3 giant club "Skullcrusher" {speed, Str+7}
  1702 | D:3      | Noticed Ijyb
  1712 | D:3      | Killed Ijyb
  1883 | D:4      | Reached XP level 5. HP: 26/47 MP: 4/4
  2044 | D:4      | Found Qipheps's General Store.
  2049 | D:4      | Bought a potion of heal wounds for 55 gold pieces
  2174 | D:4      | Noticed Grinder
  2177 | D:4      | Paralysed by Grinder for 4 turns
  2192 | D:4      | Paralysed by Grinder for 3 turns
  2199 | D:4      | Killed Grinder
  2200 | D:4      | Reached skill level 5 in Fighting
  2200 | D:4      | Reached skill level 5 in Long Blades
  2200 | D:4      | Reached skill level 5 in Armour
  2200 | D:4      | Reached skill level 1 in Dodging
  2200 | D:4      | Reached XP level 6. HP: 34/56 MP: 5/5
  2637 | D:4      | Identified the +1 pair of boots of Distant Shores {Will+
                  | Regen+ rCorr Str-5}
  2946 | D:4      | Reached skill level 5 in Shields
  2946 | D:4      | Reached XP level 7. HP: 45/61 MP: 6/6
  3621 | D:5      | Entered Level 5 of the Dungeon
  3722 | D:5      | Found a glowing drain.
  3728 | Sewer    | Entered a sewer
  3929 | Sewer    | Found the +8 trishula "Condemnation" {holy, anguish, *Noise
                  | Fly rN+}
  4208 | D:5      | Reached XP level 8. HP: 70/70 MP: 7/7
  4380 | D:5      | Reached skill level 1 in Polearms
  4631 | D:6      | Found a staircase to the Ecumenical Temple.
  4785 | D:6      | Reached skill level 2 in Polearms
  4792 | D:6      | Reached skill level 3 in Polearms
  4946 | D:6      | Reached skill level 4 in Polearms
  5115 | D:6      | Identified the +7 mace of the Jester {drain, Int+6}
  5301 | D:6      | Found Nastenwe's Antique Armour Emporium.
  5323 | D:6      | Reached skill level 5 in Polearms
  5335 | D:6      | Identified the ring "Ciguytem" {Fire Fly rN++ Dex+2}
  5425 | Temple   | Entered the Ecumenical Temple
  5466 | Temple   | Became a worshipper of the Shining One
  5743 | D:7      | Reached XP level 9. HP: 78/78 MP: 8/8
  5752 | D:7      | Reached skill level 6 in Polearms
  7063 | D:8      | Reached skill level 7 in Polearms
  7093 | D:8      | Noticed Gastronok
  7112 | D:8      | Killed Gastronok
  7113 | D:8      | Reached skill level 9 in Polearms
  7851 | D:8      | Noticed Erica
  7854 | D:8      | Reached XP level 10. HP: 86/86 MP: 9/9
  7869 | D:8      | Killed Erica
  8004 | D:8      | Reached * piety under the Shining One
  8218 | D:8      | Noticed Jeremiah
  8233 | D:8      | Killed Jeremiah
  8234 | D:8      | Reached skill level 10 in Polearms
  8592 | D:9      | Noticed a two-headed ogre
  8597 | D:9      | Killed a two-headed ogre
  8937 | D:9      | Found a basalt altar of Yredelemnul.
  8939 | D:9      | Found a stormy altar of Qazlal.
  8946 | D:9      | Found a hazy altar of Hepliaklqana.
  8949 | D:9      | Found a bloodstained altar of Trog.
  8951 | D:9      | Found an ancient bone altar of Kikubaaqudgha.
  8957 | D:9      | Found a burning altar of Makhleb.
  9018 | D:9      | Noticed a skeletal warrior
  9024 | D:9      | Killed a skeletal warrior
  9025 | D:9      | Reached skill level 11 in Polearms
  9061 | D:9      | Found the +7 lajatang of Order {silver, rMut}
  9180 | D:9      | Found a runed translucent gate.
  9181 | D:9      | Found a runed translucent gate.
  9181 | D:9      | Found a runed translucent gate.
  9184 | D:9      | Noticed Aldia's ghost (journeyman DsRe)
  9531 | D:9      | Identified the +8 flail of the Pillar {flame, rC+ Str+6
                  | Stlth-}
  9653 | D:9      | Identified the +7 falchion of Cor Fuku {vamp, Fly rPois
                  | rF+++ Int+4}
  9706 | D:9      | Found a roughly hewn altar of Beogh.
  9764 | D:9      | Killed Aldia's ghost
  9765 | D:9      | Reached XP level 11. HP: 56/95 MP: 10/10
  9988 | D:10     | Entered Level 10 of the Dungeon
  9988 | D:10     | Found a transporter.
  9990 | D:10     | Noticed CougarLife's ghost (journeyman GrEE)
  9991 | D:10     | Found a transporter.
  9991 | D:10     | Noticed a two-headed ogre
 10002 | D:10     | Reached ** piety under the Shining One
 10051 | D:10     | Reached skill level 12 in Polearms
 10533 | D:10     | Found a flagged portal.
 10558 | D:10     | Found a staircase to the Orcish Mines.
 11354 | D:11     | Reached skill level 10 in Long Blades
 11743 | D:11     | Found a staircase to the Lair.
 11743 | D:11     | Noticed a death yak
 11745 | D:11     | Noticed a death yak
 11752 | D:11     | Killed a death yak
 11759 | D:11     | Killed a death yak
 12162 | D:11     | Reached skill level 13 in Polearms
 12260 | D:11     | Reached skill level 10 in Armour
 12262 | D:11     | Noticed a deep elf pyromancer
 12265 | D:11     | Noticed a deep elf zephyrmancer
 12269 | D:11     | Killed a deep elf zephyrmancer
 12274 | D:11     | Killed a deep elf pyromancer
 12280 | D:11     | Identified the +0 robe "Bac Coem" {rPois Stlth+}
 13021 | D:12     | Reached skill level 10 in Fighting
 13252 | D:12     | Reached XP level 12. HP: 92/106 MP: 9/11
 13266 | D:12     | Reached skill level 14 in Polearms
 13278 | D:12     | Reached *** piety under the Shining One
 13473 | D:12     | Found a runed translucent door.
 13498 | D:12     | Noticed a spark wasp
 13502 | D:12     | Noticed a storm dragon
 13503 | D:12     | Found a runed translucent door.
 13503 | D:12     | Found the +5 Storm Queen's Shield {shock, Fly rElec}
 13537 | D:12     | Noticed a two-headed ogre
 13542 | D:12     | Killed a two-headed ogre
 13574 | D:12     | Found a runed translucent door.
 13579 | D:12     | Found a runed translucent door.
 13579 | D:12     | Noticed a spark wasp
 13591 | D:12     | Noticed a boulder beetle
 13598 | D:12     | Noticed Josephine
 13620 | D:12     | Killed a boulder beetle
 13623 | D:12     | Killed Josephine
 13696 | D:12     | Found Hileziju's Assorted Antiques.
 13733 | D:12     | Bought a potion of heal wounds for 145 gold pieces
 14104 | D:12     | Killed a spark wasp
 14122 | D:12     | HP: 3/110 [storm dragon (7)]
 14122 | D:12     | Mangled by a spark wasp

Illustrated notes

Levels and vault maps discovered:
D:1:      wander_arrival_peaceful_grave, layout_basic,
          shapermc_ecumenical_altar_flowoftime
D:2:      layout_rooms, serial_shops, shop
D:3:      layout_rooms, uniq_ijyb
D:4:      minmay_chambers_of_threes, layout_basic, serial_shops, shop,
          uniq_grinder
D:5:      layout_basic, portal_sewer_entry_e
D:6:      layout_loops_corners, minmay_temple_entry_hall, serial_shops,
          nicolae_shop_back_alley_shop
D:7:      layout_layer_cave
D:8:      layout_cave_pods, serial_bayou_ford_a, uniq_gastronok, uniq_erica,
          uniq_jeremiah
D:9:      layout_loops_corners, nicolae_overflow_hallway_of_the_gods,
          biasface_ghost_orc_armoury, kennysheep_just_a_vault
D:10:     layout_basic, serial_curves, eino_curves_03, eino_curves_01,
          eino_curves_01, eino_curves_04, gammafunk_ghost_arena, enter_bailey_5
D:11:     layout_basic, dpeg_lair_monsters, minmay_variable_closet,
          hangedman_minor_magic
D:12:     layout_roguey [special_room_orc], serial_shops,
          nicolae_shop_just_a_little_nook, st_stairs_9,
          nicolae_guarded_unrand_storm_shield, uniq_josephine
Temple:   nicolae_temple_elliptical

Skill      XL: |  1  2  3  4  5  6  7  8  9 10 11 12 |
---------------+-------------------------------------+-----
Fighting       | 4 5 6 7 8 10 11 | 11.0
Armour         | 4 5 6 7 8 9 10 | 10.8
Shields        | 4 5 6 7 8 9 |  9.0
Long Blades    | 3 4 5 6 7 8 9 10 11 | 11.0
Dodging        | 1 2 |  2.4
Polearms       | 5 9 11 13 14 | 14.8
Evocations     | |  0.1

Action                     |  1- 3 |  4- 6 |  7- 9 | 10-12 || total
---------------------------+-------+-------+-------+-------++-------
  Melee: Long sword        |   110 |    99 |   125 |       ||   334
         Headbutt          |    10 |    13 |    43 |    72 ||   138
         Trishula          |       |       |   170 |   398 ||   568
 Invoke: Divine Shield     |       |       |       |     1 ||     1
  Evoke: Wand              |       |     1 |     1 |     4 ||     6
    Use: Potion            |       |     2 |     2 |     4 ||     8
         Scroll            |       |       |    10 |     7 ||    17
 Armour: Scale mail        |    81 |    87 |   132 |       ||   300
         Plate armour      |       |       |    80 |   182 ||   262
  Dodge: Dodged            |    39 |    30 |   102 |   109 ||   280
  Block: Buckler           |    28 |    16 |    69 |    77 ||   190
         Reflection        |       |       |       |     4 ||     4

Table legend: (Time is in decaauts)
 A = Elapsed time spent in this place.
 B = Non-inter-level travel time spent in this place.
 C = Inter-level travel time spent in this place.
 D = Time resting spent in this place.
 E = Time spent auto-exploring this place.
 F = Levels seen in this place.
 G = Mean time per level.
                   A        B        C        D        E       F      G
               +--------+--------+--------+--------+--------+-----+--------+
         Total |  14214 |  13636 |    578 |   2017 |   9292 |  14 | 1015.3 |
       Dungeon |  13735 |  13191 |    544 |   2017 |   9192 |  12 | 1144.6 |
        Temple |     52 |     18 |     34 |      0 |      0 |   1 |   52.0 |
         Sewer |    426 |    426 |      0 |      0 |    100 |   1 |  426.0 |
               +--------+--------+--------+--------+--------+-----+--------+

Top non-repeatable levels by time:
     D:4: 1804 daAuts
     D:9: 1790 daAuts
    D:10: 1594 daAuts
     D:7: 1436 daAuts
    D:11: 1369 daAuts
     D:8: 1193 daAuts
    D:12: 1081 daAuts
     D:6: 1007 daAuts
     D:1: 808 daAuts
     D:5: 582 daAuts
     D:2: 570 daAuts
     D:3: 496 daAuts
   Sewer: 426 daAuts
  Temple: 52 daAuts
